 Dungeon Crawl Stone Soup version 0.22-a0-430-g6609fc6 (webtiles) character file.

47 KristoblXynda the Shield-Bearer (level 3, -5/49 HPs)
             Began as a Deep Dwarf Fighter on May 26, 2018.
             Killed by divine providence
             ... invoked by an orc priest
              (9 damage)
             ... on level 3 of the Dungeon.
             The game lasted 00:03:52 (1357 turns).

KristoblXynda the Shield-Bearer (DDFi)              Turns: 1357, Time: 00:03:53

Health: -5/49      AC: 21    Str: 19    XL:     3   Next: 48%
Magic:  3/3        EV:  2    Int:  9    God:
Gold:   68         SH:  9    Dex: 12    Spells: 2/2 levels left

rFire    . . .     SeeInvis .   a - +0 war axe
rCold    . . .     Gourm    .   c - +0 shield
rNeg     + + +     Faith    .   (armour currently unavailable)
rPois    +         Spirit   .   (helmet currently unavailable)
rElec    .         Reflect  .   (cloak currently unavailable)
rCorr    .         Harm     .   (gloves currently unavailable)
MR       .....     NoTele   +   (boots currently unavailable)
Stlth    +.........             (no amulet)
HPRegen  0.00/turn              (no ring)
MPRegen  0.08/turn              (no ring)

@: tree-form, non-regenerating
A: damage resistance, heal wounds, sense surroundings 1, no regeneration
a: Heal Wounds


You were on level 3 of the Dungeon.
You were hungry.
You were a tree.
You visited 1 branch of the dungeon, and saw 3 of its levels.

You collected 68 gold pieces.

Inventory:

Hand Weapons
 a - a +0 war axe (weapon)
Missiles
 h - a throwing net (quivered)
Armour
 b - a +0 scale mail (melded)
 c - a +0 shield (worn)
Wands
 p - a wand of acid (10)
Scrolls
 e - a scroll of amnesia {unknown}
 l - a scroll of fear {unknown}
 m - a scroll of enchant weapon {unknown}
Potions
 d - a potion of might
 g - a potion of invisibility
 i - a potion of heal wounds {unknown}
 j - 4 potions of lignification
 k - a potion of curing {unknown}
 n - a potion of flight {unknown}
Comestibles
 f - 4 rations


   Skills:
 - Level 2.6 Fighting
 * Level 3.4 Axes
 + Level 3.7 Armour
 + Level 3.8 Shields


You had 2 spell levels left.
You didn't know any spells.
Your spell library was empty.

Dungeon Overview and Level Annotations

Branches:
Dungeon (3/15)

Altars:
Qazlal


Innate Abilities, Weirdness & Mutations

You are resistant to damage.
You can heal yourself by infusing magical energy.
You passively map a small area around you.
You do not regenerate.


Message History

Unknown command.
Your shield and scale mail prevent you from hitting the orc priest.
The orc priest is heavily wounded.
You hit the orc. The orc priest hits you with a flail.
* * * LOW HITPOINT WARNING * * *
The orc hits you but does no damage.
Unknown command.
You miss something. You hit the orc but do no damage.
You hit the orc priest but do no damage.
The orc priest hits you with a flail!
* * * LOW HITPOINT WARNING * * *
You block the orc's attack. Something hits you.
* * * LOW HITPOINT WARNING * * *
The orc priest begins to cast a cantrip, but forgets the words!
You turn into a tree.
Your +0 scale mail melds into your body.
Your roots penetrate the ground.
You block the orc's attack.
The orc priest calls down the wrath of Beogh upon you.
Beogh smites you!
You die...

, ** * *,# * *
,, .# 8 *
#.##* *** , *
* ######...# *
* , #
#...♣o{..# *
##.
#.####o......
* * #.., #.#
*##..... *#.#
* #.# ,,....
##.# #### #.#
,,... ..##
*#...# #.# ,*
.. ##.###.##.#
#.# * , .
##.#.###.# #.#
, * ,
#..)..##.###<#


You could see an orc priest and an orc.

Vanquished Creatures
  A worm (D:2)
  A leopard gecko (D:2)
  An orc (D:3)
  2 bats (D:2)
  3 giant cockroaches
  5 goblins
  5 hobgoblins
  8 kobolds
  A quokka (D:2)
  4 frilled lizards
  7 rats
38 creatures vanquished.

Notes
Turn   | Place    | Note
-------+----------+-------------------------------------------
     0 | D:1      | KristoblXynda the Deep Dwarf Fighter began the quest for the Orb.
     0 | D:1      | Reached XP level 1. HP: 20/20 MP: 1/1
   355 | D:1      | Reached XP level 2. HP: 18/27 MP: 2/2
  1098 | D:2      | Reached XP level 3. HP: 20/33 MP: 3/3
  1100 | D:2      | Noticed an air elemental
  1101 | D:2      | Found a stormy altar of Qazlal.
  1137 | D:2      | Noticed an earth elemental
  1142 | D:2      | Noticed a fire elemental
  1161 | D:2      | Noticed a water elemental
  1357 | D:3      | Killed from afar by an orc priest

Vault maps used:
D:1:      evilmike_arrival_crescent, kennysheep_decorative_pillar
D:2:      nicolae_qazlal_style_of_elements, minmay_pentomino_o2
D:3:      kennysheep_orc_chapel

Skill      XL: |  1  2 |
---------------+-------+-----
Axes           | 3 |  3.4
Fighting       | |  2.6
Armour         | |  3.7
Shields        | |  3.8

Action                   || total
-------------------------++-------
Melee: War axe           ||   105
  Use: Scroll            ||     2
       Potion            ||     1
  Eat: Chunk             ||     1
Armor: Scale mail        ||    49
Dodge: Dodged            ||    31
Block: Shield            ||    56

Table legend:
 A = Spawn XP
 B = Non-spawn XP
 C = Spawn XP percentage of total XP
 D = Spawn monster count
 E = Non-spawn monster count
 F = Spawn count percentage of total count
 G = Total turns spent on level
                    A         B        C        D         E        F      G
               +---------+---------+-------+---------+---------+-------+---------
         Total |       0 |      68 |   0.0 |       0 |      38 |   0.0 |  1357
               +---------+---------+-------+---------+---------+-------+---------
           D:1 |       0 |      23 |   0.0 |       0 |      15 |   0.0 |   864
           D:2 |       0 |      29 |   0.0 |       0 |      15 |   0.0 |   357
           D:3 |       0 |      16 |   0.0 |       0 |       8 |   0.0 |   136
               +---------+---------+-------+---------+---------+-------+---------
